 Dungeon Crawl Stone Soup version 0.20.0 (webtiles) character file.

27 FakerFangirl the Cudgeler (level 2, -4/26 HPs)
             Began as a Draconian Fighter on May 26, 2017.
             Slain by Robin
             ... wielding a +0 trident
              (7 damage)
             ... on level 2 of the Dungeon.
             The game lasted 00:01:13 (937 turns).

FakerFangirl the Cudgeler (Draconian Fighter)        Turns: 937, Time: 00:01:13

Health: -4/26      AC:  5    Str: 18    XL:     2   Next: 93%
Magic:  2/2        EV: 10    Int:  8    God:
Gold:   95         SH:  8    Dex: 10    Spells: 1/1 levels left

rFire    . . .     SeeInvis .   Y - +0 flail
rCold    . . .     Gourm    .   b - +0 shield
rNeg     . . .     Faith    .   (armour unavailable)
rPois    .         Spirit   .   (helmet restricted)
rElec    .         Reflect  .   (no cloak)
rCorr    .         Harm     .   (no gloves)
MR       .....                  p - +0 pair of boots
Stlth    +.........             (no amulet)
Regen    0.1/turn               (no ring)
MPRegen  0.1/turn               (no ring)

@: no status effects
A: unfitting armour, cold-blooded, AC +4
a: no special abilities


You were on level 2 of the Dungeon.
You were not hungry.

You visited 1 branch of the dungeon, and saw 2 of its levels.

You collected 95 gold pieces.


Innate Abilities, Weirdness & Mutations

Your plain brown scales are hard. (AC +4)
You cannot fit into any form of body armour.
You are cold-blooded and may be slowed by cold attacks.


   Skills:
 - Level 3.2 Fighting
 + Level 3.4 Maces & Flails
 - Level 2.6 Dodging
 - Level 3.0 Shields


You had one spell level left.
You didn't know any spells.

Inventory:

Hand Weapons
 Y - a +0 flail (weapon)
Armour
 b - a +0 shield (worn)
 p - a +0 pair of boots (worn)
Scrolls
 a - a scroll of enchant armour {unknown}
Potions
 c - a potion of might
 e - a potion of curing {unknown}
 f - a potion of brilliance {unknown}
 i - 2 potions of haste
 o - a potion of resistance {unknown}
 r - a potion of heal wounds {unknown}
Comestibles
 d - a bread ration
 l - 5 chunks of flesh

Dungeon Overview and Level Annotations

Branches:
Dungeon (2/15)

Altars:

Annotations:
D:2 Robin


Message History

The goblin wields an uncursed dagger.
The goblin hits you with an uncursed dagger.
The goblin closely misses you.
The goblin moves out of view.
The hobgoblin barely misses you. Robin barely misses you.
The hobgoblin barely misses you.
You closely miss the hobgoblin.
The hobgoblin is severely wounded.
You block the goblin's attack. The goblin closely misses you.
You block the hobgoblin's attack. The goblin misses you. x2
The hobgoblin closely misses you.
You closely miss the hobgoblin.
The hobgoblin is severely wounded.
You block the hobgoblin's attack. You block the goblin's attack.
The goblin hits you with an uncursed dagger.
The hobgoblin barely misses you.
Your shield prevents you from hitting the hobgoblin.
The hobgoblin is severely wounded.
You block the hobgoblin's attack.
Robin hits you from afar with a trident!
You die...

##############
##.....##.....##
##..............##
#................#
#................#
#(<..............#
#................#
#ggg.............#
#@gg.............#
##gg.g..........##
##......#.....##
#####..####### #
#..# #.# #..# ....
#..# ..... #..#
......##g.#


You could see Robin, 2 hobgoblins and 5 goblins.

Vanquished Creatures
  2 leopard geckos
  2 bats (D:1)
  6 goblins
  3 hobgoblins (D:1)
  3 frilled lizards
  3 kobolds (D:1)
  3 rats (D:1)
22 creatures vanquished.

Notes
Turn   | Place    | Note
-------+----------+-------------------------------------------
     0 | D:1      | FakerFangirl the Draconian Fighter began the quest for the Orb.
     0 | D:1      | Reached XP level 1. HP: 19/19 MP: 1/1
     0 | D:1      | 0 ||| counter = 75
   459 | D:1      | Reached XP level 2. HP: 26/26 MP: 2/2
   563 | D:1      | Reached skill level 3 in Maces & Flails
   804 | D:1      | 804 ||| UPGRADING to pair of boots.
   809 | D:1      | 809 ||| READING scroll labeled FYWOICV NINA.
   810 | D:1      | 810 ||| READING scroll labeled CAHIGO DIYFOEKHLUB.
   811 | D:1      | 811 ||| READING scroll labeled LOWIMNAISE.
   816 | D:1      | 816 ||| READING scroll labeled CIEPLO KODEXOM.
   817 | D:1      | 817 ||| READING scroll labeled FINUGO MASSE.
   818 | D:1      | 818 ||| READING scroll labeled XEESUE BOACLIE.
   819 | D:1      | 819 ||| DRINKING 2 fizzy puce potions.
   820 | D:1      | 820 ||| DRINKING 3 lumpy pink potions.
   821 | D:1      | 821 ||| DROPPING potion of invisibility.
   908 | D:2      | Noticed Robin
   914 | D:2      | 914 ||| Stepping ~*~*~tactically~*~*~ (outnumbered).
   915 | D:2      | 915 ||| Stepping ~*~*~tactically~*~*~ (outnumbered).
   917 | D:2      | 917 ||| Stepping ~*~*~tactically~*~*~ (outnumbered).
   918 | D:2      | 918 ||| Stepping ~*~*~tactically~*~*~ (outnumbered).
   919 | D:2      | 919 ||| Stepping ~*~*~tactically~*~*~ (outnumbered).
   920 | D:2      | 920 ||| Stepping ~*~*~tactically~*~*~ (outnumbered).
   923 | D:2      | 923 ||| Stepping ~*~*~tactically~*~*~ (outnumbered).
   924 | D:2      | 924 ||| Stepping ~*~*~tactically~*~*~ (outnumbered).
   925 | D:2      | 925 ||| Stepping ~*~*~tactically~*~*~ (outnumbered).
   926 | D:2      | 926 ||| Stepping ~*~*~tactically~*~*~ (outnumbered).
   936 | D:2      | HP: 2/26 [goblin/uncursed dagger[Robin] (6)]
   937 | D:2      | Slain by Robin

Vault maps used:
D:1:      evilmike_arrival_rings
D:2:      lemuel_altar_in_water2, uniq_robin

Skill      XL: |  1  2 |
---------------+-------+-----
Maces & Flails | 3 |  3.4
Fighting       | |  3.2
Dodging        | |  2.6
Shields        | |  3.0

Action                   || total
-------------------------++-------
Melee: Flail             ||    68
       Tailslap          ||     4
  Use: Scroll            ||     6
       Potion            ||     2
 Stab: Invisible         ||     1
Armor: Skin              ||    14
Dodge: Dodged            ||    40
Block: Shield            ||    42
